Map: Ice and Chrome LE

Players

Namshar - Winner!

  • Race: Zerg Zerg
  • League: Grandmaster
  • Spawn Location: 7:00

jheffe

  • Race: Terran Terran
  • League: Master
  • Spawn Location: 1:00

Event: DreamHack SC2 Masters 2020 Summer North America

VOD

Have the link to the VOD?

Description

Time

  • Played on: July 1, 2020, 4:59 p.m.
  • Length: 14:25

All games in this series

Show
View Real Time Build Order
Export as new Build Order

Namshar Zerg - Winner!

Build Orders: Hatch First, Muta Ling Bane 

Get SALT Encoding   

  12  0:00  Drone  
  13  0:12  Overlord  
  13  0:16  Drone  
  14  0:30  Drone x2  
  16  0:47  Hatchery  
  15  0:50  Drone  
  15  0:53  Drone  
  15  0:56  Drone  
  18  1:07  Extractor  
  17  1:13  Spawning Pool  
  17  1:16  Drone  
  17  1:19  Drone  
  18  1:27  Drone  
  19  1:38  Drone  
  20  1:50  Drone  
  21  1:59  Queen x2  
  21  2:00  Zergling x4  
  27  2:12  Hatchery  
  26  2:18  Overlord  
  26  2:21  Drone  
  27  2:23  Drone  
  27  2:28  Metabolic Boost  
  28  2:38  Drone  
  28  2:39  Drone x2  
  28  2:42  Drone  
  28  2:43  Overlord  
  32  2:52  Queen  
  32  2:54  Drone  
  35  3:00  Drone  
  35  3:07  Drone x4  
  35  3:11  Queen  
  41  3:13  Drone  
  41  3:15  Drone  
  41  3:19  Overlord  
  43  3:25  Queen  
  46  3:27  Drone  
  46  3:28  Drone  
  47  3:39  Zergling x6  
  50  3:45  Drone x4  
  50  3:46  Queen  
  56  3:49  Overlord  
  52  4:05  Drone x5  
  57  4:11  Overlord  
  57  4:12  Drone x2, Overlord  
  59  4:21  Drone  
  59  4:22  Drone x4  
  59  4:23  Lair  
  64  4:29  Drone, Baneling Nest  
  64  4:30  Extractor  
  63  4:31  Extractor  
  63  4:34  Drone  
  63  4:39  Drone  
  63  4:41  Spore Crawler  
  63  4:43  Drone, Spore Crawler x2  
  63  4:45  Drone x3  
  65  4:48  Drone x4  
  65  4:49  Drone  
  70  4:55  Drone x4  
  73  5:00  Drone  
  71  5:12  Drone  
  71  5:13  Drone x3  
  69  5:16  Drone x4  
  73  5:24  Drone, Extractor, Spire  
  73  5:25  Drone  
  73  5:33  Overlord x2  
  73  5:39  Evolution Chamber, Extractor  
  73  5:40  Evolution Chamber, Overseer  
  73  5:41  Extractor  
  69  5:49  Drone x2  
  71  5:53  Drone  
  71  5:54  Drone x12  
  71  5:55  Drone  
  85  6:08  Overlord x4  
  85  6:18  Hatchery  
  84  6:22  Centrifical Hooks, Zerg Melee Weapons Level 1, Zerg Ground Armor Level 1  
  83  6:28  Overseer  
  83  6:33  Overlord  
  83  6:35  Extractor  
  83  6:36  Drone  
  83  6:37  Drone x2  
  85  6:40  Extractor  
  85  6:41  Drone  
  85  6:42  Mutalisk x4, Drone x2  
  85  6:43  Mutalisk  
  97  6:48  Drone x2  
  97  6:49  Mutalisk  
  97  6:53  Zergling x8  
  105  6:57  Zerg Flyer Weapons Level 1  
  105  6:59  Zergling x6  
  108  7:08  Drone  
  108  7:11  Zergling x4  
  108  7:15  Baneling x8  
  111  7:22  Zergling x18  
  120  7:23  Baneling  
  120  7:24  Baneling x2, Hatchery  
  120  7:25  Zergling x2  
  120  7:41  Zergling x12  
  119  8:08  Zergling x18  
  113  8:13  Zergling x12  
  113  8:17  Mutalisk x2  
  113  8:19  Overlord x3  
  119  8:20  Zerg Melee Weapons Level 2, Zerg Ground Armor Level 2  
  119  8:23  Hatchery  
  118  8:33  Hatchery  
  113  8:36  Drone  
  113  8:39  Mutalisk x7  
  128  8:46  Zergling x4  
  128  8:47  Baneling  
  128  8:48  Baneling x22  
  128  8:51  Zergling x18  
  128  8:52  Zergling x2  
  128  8:53  Queen  
  140  9:01  Zerg Flyer Weapons Level 2  
  140  9:04  Overlord x2  
  140  9:06  Drone x3  
  143  9:10  Overseer x2  
  143  9:11  Pneumatized Carapace  
  143  9:22  Queen x2  
  143  9:23  Drone  
  148  9:25  Mutalisk x4  
  155  9:35  Zergling x2  
  155  9:36  Zergling x20  
  155  9:38  Mutalisk  
  154  9:43  Zergling x4  
  146  9:52  Mutalisk  
  146  9:53  Mutalisk x5  
  151  10:09  Zergling x26  
  163  10:15  Infestation Pit  
  163  10:20  Mutalisk x5  
  169  10:32  Queen  
  169  10:35  Drone, Overlord x3  
  161  10:44  Overlord  
  161  10:46  Drone  
  161  10:49  Overseer  
  162  10:50  Overseer  
  162  10:54  Queen  
  162  10:55  Drone x5  
  169  10:57  Drone x4  
  169  10:58  Drone x3  
  169  10:59  Drone x4  
  169  11:02  Baneling x4  
  180  11:07  Queen  
  181  11:18  Mutalisk x7  
  189  11:33  Baneling  
  189  11:35  Hive  
  189  11:49  Zergling x20  
  189  11:50  Baneling  
  189  11:51  Baneling x9, Hatchery  
  198  11:58  Zergling x2  
  199  12:04  Zerg Flyer Armor Level 1  
  195  12:10  Hatchery  
  192  12:24  Zergling x2  
  192  12:25  Zergling x14  
  192  12:26  Baneling x3  
  192  12:27  Baneling x14  
  200  12:36  Zergling x4  
  189  12:56  Zergling x2  
  189  12:57  Zergling x26  
  200  13:09  Baneling x7  
  200  13:10  Baneling x11  
  194  13:20  Zergling x12  
  194  13:21  Zergling x2  
  180  13:27  Zergling x32  
  180  13:32  Baneling  
  180  13:33  Baneling x23  
  194  13:40  Ultralisk Cavern, Zergling x16  
  193  13:51  Zergling x8  
  193  13:52  Zergling x2  
  166  14:03  Zergling x2  
  166  14:04  Zergling x16  
Show
View Real Time Build Order
Export as new Build Order

jheffe Terran 

Build Orders: Gas First Reaper Expand, Hellion Banshee 

Get SALT Encoding   

  12  0:00  SCV  
  13  0:12  SCV  
  14  0:17  Supply Depot  
  14  0:24  SCV  
  14  0:27  Refinery  
  15  0:38  SCV  
  16  0:44  Supply Depot  
  16  0:46  Barracks  
  16  0:50  SCV  
  17  1:02  SCV  
  18  1:16  SCV  
  19  1:33  Orbital Command, Reaper  
  20  1:44  Command Center  
  20  1:54  Factory  
  20  1:58  SCV  
  21  2:03  Refinery  
  21  2:07  Barracks Reactor  
  21  2:11  SCV  
  22  2:15  Supply Depot  
  22  2:23  SCV  
  23  2:37  SCV  
  23  2:39  Starport  
  24  2:47  Hellion  
  24  2:48  Hellion  
  24  2:49  SCV  
  29  3:02  Orbital Command  
  29  3:03  SCV  
  30  3:08  Hellion  
  30  3:12  Hellion  
  34  3:15  Starport Tech Lab  
  34  3:17  SCV  
  35  3:28  SCV  
  35  3:29  SCV  
  35  3:32  Hellion  
  35  3:33  Hellion  
  41  3:35  Cloaking Field  
  41  3:40  SCV  
  42  3:42  Banshee  
  42  3:46  Supply Depot  
  42  3:48  SCV  
  46  3:58  SCV  
  42  4:05  SCV  
  42  4:06  Hellion x2  
  43  4:10  Marine, SCV  
  43  4:13  Supply Depot  
  45  4:17  SCV  
  45  4:22  SCV  
  47  4:25  Banshee  
  47  4:28  Barracks Tech Lab  
  47  4:29  SCV  
  51  4:34  SCV  
  51  4:35  Command Center  
  51  4:36  Supply Depot  
  52  4:42  SCV  
  53  4:47  Barracks x2  
  53  4:52  SCV  
  54  4:55  SCV  
  55  5:05  Engineering Bay  
  52  5:11  SCV x2  
  52  5:12  Stimpack  
  52  5:13  Refinery, Engineering Bay  
  48  5:16  Factory Reactor  
  48  5:20  Marine, Starport Reactor  
  47  5:23  SCV x2  
  49  5:35  SCV x2  
  51  5:39  Terran Infantry Weapons Level 1, Terran Infantry Armor Level 1, Barracks x2  
  51  5:44  Refinery  
  51  5:45  Marine  
  51  5:47  Marine x2, SCV x2  
  56  5:59  SCV  
  56  6:03  Marine, SCV  
  59  6:07  Marine x2  
  59  6:08  Marine x2  
  59  6:09  Orbital Command  
  63  6:11  SCV  
  63  6:14  Supply Depot  
  63  6:15  SCV, Medivac  
  63  6:16  Medivac  
  63  6:17  Siege Tank  
  72  6:21  Marine  
  72  6:23  SCV  
  72  6:25  Marine x4  
  74  6:27  Supply Depot, SCV  
  74  6:28  Barracks Reactor  
  74  6:29  Barracks Reactor  
  79  6:33  Orbital Command  
  79  6:36  SCV  
  79  6:39  SCV  
  81  6:41  Marine, Armory  
  81  6:42  Supply Depot  
  81  6:43  Marine x2  
  81  6:44  Marine x2  
  86  6:48  SCV  
  86  6:50  Siege Tank  
  86  6:51  SCV  
  86  6:52  Medivac x2  
  95  6:59  SCV  
  95  7:00  SCV  
  97  7:02  Marine x2  
  97  7:03  SCV  
  97  7:04  Combat Shield, Supply Depot  
  97  7:05  Supply Depot, Marine  
  101  7:11  SCV  
  101  7:12  SCV  
  101  7:14  Marine x6  
  109  7:26  Marine, SCV x3  
  109  7:27  Marine x2  
  115  7:30  Missile Turret  
  115  7:31  Missile Turret  
  115  7:32  Marine x2, Missile Turret  
  115  7:35  Marine x3  
  117  7:37  Marine  
  117  7:38  SCV x2  
  117  7:39  SCV  
  117  7:43  Marine  
  122  7:45  Marine x2  
  122  7:50  Marine x2  
  122  7:51  Missile Turret  
  125  7:59  Terran Infantry Weapons Level 2, Terran Infantry Armor Level 2  
  125  8:02  Marine, SCV x3, Medivac x2  
  133  8:12  Marine  
  133  8:13  Marine x2  
  133  8:15  Marine  
  133  8:16  Marine x4, SCV  
  133  8:23  Supply Depot  
  133  8:24  Factory  
  133  8:27  SCV  
  133  8:28  Refinery, Marine  
  133  8:29  Marine  
  133  8:31  Marine x2  
  133  8:32  Supply Depot  
  133  8:33  Marine  
  134  8:34  Marine x4  
  134  8:40  Widow Mine  
  140  8:45  Marine  
  140  8:47  Marine, Drilling Claws  
  140  8:48  Medivac x2  
  142  8:49  Marine x2  
  142  8:51  Marine  
  142  8:52  Marine x2  
  142  8:53  Marine  
  150  9:01  Widow Mine  
  146  9:05  Supply Depot, Command Center  
  146  9:06  Supply Depot  
  146  9:10  Marine x3  
  146  9:12  Factory Reactor  
  146  9:13  Supply Depot  
  149  9:18  Medivac x2  
  149  9:22  Widow Mine  
  154  9:37  Marine x2  
  138  9:41  Marine  
  138  9:42  Marine x6  
  138  9:44  Widow Mine  
  147  9:45  Barracks  
  147  9:46  Barracks  
  124  9:52  Medivac x2  
  124  9:55  Marine x2  
  124  9:59  Marine x6  
  131  10:05  Marine, Widow Mine  
  136  10:09  Widow Mine x2  
  136  10:13  Marine x2  
  139  10:17  Marine x6  
  137  10:22  Marine, Medivac x2  
  136  10:29  Terran Infantry Armor Level 3, Terran Infantry Weapons Level 3  
  136  10:30  Marine, Widow Mine x2  
  136  10:33  Missile Turret  
  136  10:34  Missile Turret  
  141  10:39  Marine  
  141  10:40  Marine x2  
  141  10:41  Marauder  
  140  10:50  Missile Turret  
  140  10:51  Widow Mine x2  
  140  10:52  Medivac  
  140  10:53  Sensor Tower  
  140  10:54  Missile Turret  
  140  10:56  Supply Depot  
  144  10:57  Planetary Fortress  
  144  11:00  Marine x2  
  144  11:01  Marine x5  
  144  11:02  Marauder, Barracks Tech Lab  
  153  11:04  Barracks Tech Lab  
  153  11:15  Marine  
  153  11:17  Thor  
  153  11:18  Marine x3, Widow Mine x2  
  153  11:34  Marine x3  
  153  11:35  Marine x4  
  153  11:36  Marauder  
  162  11:45  Command Center  
  162  11:48  Marine x2  
  162  11:49  Marine  
  162  11:50  Widow Mine  
  162  11:51  Widow Mine  
  162  11:53  Marauder x2  
  173  11:57  Marauder  
  173  12:02  Missile Turret  
  173  12:11  Thor  
  173  12:15  Marauder x2  
  183  12:18  Marauder  
  183  12:22  Missile Turret  
  185  12:23  Command Center, Missile Turret  
  185  12:24  Missile Turret  
  185  12:25  Missile Turret  
  175  12:32  Marine  
  175  12:33  Marine x7  
  175  12:35  Marine  
  175  12:36  Marine  
  182  12:44  Marine  
  182  12:50  Marine x2  
  182  12:51  Marine x6  
  185  12:54  Marauder x2  
  179  13:03  Marauder  
  176  13:08  Marine x2  
  176  13:09  Marine x4  
  182  13:16  Marine x2  
  182  13:17  Marine  
  148  13:30  Marine x3  
  148  13:31  Marauder  
  145  13:45  Marine x6  
  145  13:46  Marine  
  140  13:55  Marine  
Tags
 
Add a new tag
Caveats
  • Supply blocks, unpowered buildings, or Contaminate may cause inaccurate times.
  • Supply counts are checked every 10 seconds.